 Dungeon Sprint DCSS version 0.30-a0-1114-gd936c97349 (webtiles) character file.

Game seed: 16718506606566749087

193 PLAYERX the Cleaver (level 5, -5/55 HPs)
             Began as a Minotaur Monk on Apr 20, 2023.
             Was a High Priest of Makhleb.
             Slain by an ice beast (8 damage)
             ... in the Dungeon (Sprint VII: "The Pits").
             The game lasted 00:06:22 (270 turns).

PLAYERX the Cleaver (Minotaur Monk)                  Turns: 270, Time: 00:06:23

Health: -5/55      AC:  2    Str: 17    XL:     5   Next: 44%
Magic:  4/4        EV: 15    Int:  7    God:    Makhleb [*****.]
Gold:   0          SH:  0    Dex: 13    Spells: 4/4 levels left

rFire   . . .      SeeInvis .    a - +2 hand axe
rCold   . . .      Faith    .    d - orb {light}
rNeg    . . .      Spirit   .    b - +0 robe
rPois   .          Reflect  .    (helmet restricted)
rElec   .          Rampage  .    (no cloak)
rCorr   .          NoTele   +    (no gloves)
Will    .....                    (no boots)
Stlth   +                        (no amulet)
HPRegen 0.29/turn                (no ring)
MPRegen 0.09/turn                (no ring)

@: lethally poisoned (-5 -> -12), glowing
A: horns 2, retaliatory headbutt
a: Renounce Religion, Minor Destruction, Lesser Servant of Makhleb, Major
Destruction, Greater Servant of Makhleb


You were in the Dungeon.
You worshipped Makhleb.
Makhleb was extremely pleased with you.
You visited 1 branch

Inventory:

Hand Weapons
 a - a +2 hand axe (weapon)
Missiles
 l - 10 stones
Armour
 b - a +0 robe (worn)
 d - an orb of light (worn)
Scrolls
 j - a scroll of blinking
 m - 5 scrolls of amnesia
 n - a scroll of butterflies
Potions
 c - a potion of ambrosia
 e - 6 potions of curing
 f - 6 potions of heal wounds
 g - a potion of haste
 h - 4 potions of magic
 i - 3 potions of berserk rage
 k - 2 potions of invisibility


   Skills:
 + Level 8.3 Fighting
 + Level 8.9 Axes
 + Level 7.9 Dodging


You had 4 spell levels left.
You didn't know any spells.
Your spell library was empty.

Dungeon Overview and Level Annotations

Branches:
Dungeon (1/1)

Altars:
Ashenzari
Cheibriados
Dithmenos
Elyvilon
Fedhas
Gozag
Hepliaklqana
Kikubaaqudgha
Makhleb
Nemelex Xobeh
Okawaru
Qazlal
Ru
Sif Muna
Trog
Uskayaw
Vehumet
Wu Jian
Xom
Yredelemnul
Zin
The Shining One
Jiyva
Lugonu


Innate Abilities, Weirdness & Mutations

You have a pair of horns on your head.
You reflexively headbutt those who attack you in melee.


Message History

You slash the orc!
You kill the orc!
Makhleb accepts your kill.
You slash the ufetubus!
You kill the ufetubus!
Makhleb accepts your kill. The scorpion misses you.
The orc warrior hits you with a +0 mace!
The scorpion closely misses you.
Things that are here:
a +0 dagger; a +0 leather armour You barely miss the scorpion.
You hit the orc warrior but do no damage.
You hit the ice beast but do no damage. The orc warrior misses you.
The ice beast misses you. The scorpion stings you.
You completely miss the scorpion. You hit the ice beast but do no damage.
You hit the orc warrior but do no damage.
The ice beast barely misses you.
The orc priest looks encouraged for a moment.
The orc warrior hits you with a +0 mace!
The scorpion stings you.
You are poisoned.
The scorpion poisons you!
Unknown command.
You hit the scorpion but do no damage. You hit the ice beast.
You hit the orc warrior but do no damage.
You feel very sick. The scorpion closely misses you. You furiously retaliate!
You headbutt the scorpion. You barely miss the scorpion.
The scorpion is moderately wounded.
You hit the ice beast.
You hit the orc warrior but do no damage.
You feel sick.
The orc warrior hits you with a +0 mace!
* * * LOW HITPOINT WARNING * * *
The ice beast hits you.
* * * LOW HITPOINT WARNING * * *
The ice beast freezes you!
You die...

#.#..†..#))#####'#
#.#..####))##.....
#.#..#..#))##.....
#.#..#..#..##.....
#.##)#..#'###...<.
#.#.)).....##.....
#.#........##.....
#'###########.....
#@sh....# ######
#Yo.#...# #o.M# .#
#.##.# #.. #.. #..
... #.. ..+ ####
##


You could see an orc warrior, a black bear, an ice beast, a mummy, a scorpion
and an orc priest.

Vanquished Creatures
  A floating eye (D)
  2 orc priests (D)
  A river rat (D)
  An ufetubus (D)
  5 orcs (D)
  3 jackals (D)
  A kobold (D)
  A frilled lizard (D)
  A goblin (D)
  2 rats (D)
18 creatures vanquished.

Notes
Turn   | Place    | Note
-------+----------+-------------------------------------------
     0 | D        | PLAYERX the Minotaur Monk began the quest for the Orb.
     0 | D        | Reached XP level 1. HP: 19/19 MP: 0/0
   103 | D        | Found a bloodstained altar of Trog.
   103 | D        | Found a shimmering blue altar of Sif Muna.
   103 | D        | Found a viscous altar of Jiyva.
   103 | D        | Found a hazy altar of Hepliaklqana.
   103 | D        | Found an opulent altar of Gozag.
   104 | D        | Found a glowing golden altar of the Shining One.
   104 | D        | Found a glowing silver altar of Zin.
   104 | D        | Found a basalt altar of Yredelemnul.
   104 | D        | Found a shimmering altar of Xom.
   104 | D        | Found an ornate altar of the Wu Jian Council.
   104 | D        | Found a sacrificial altar of Ru.
   104 | D        | Found a stormy altar of Qazlal.
   104 | D        | Found an iron altar of Okawaru.
   104 | D        | Found a sparkling altar of Nemelex Xobeh.
   104 | D        | Found a burning altar of Makhleb.
   104 | D        | Found a blossoming altar of Fedhas.
   104 | D        | Found a white marble altar of Elyvilon.
   104 | D        | Found a shadowy altar of Dithmenos.
   104 | D        | Found a snail-covered altar of Cheibriados.
   106 | D        | Found a radiant altar of Vehumet.
   106 | D        | Found a corrupted altar of Lugonu.
   107 | D        | Found a hide-covered altar of Uskayaw.
   107 | D        | Found an ancient bone altar of Kikubaaqudgha.
   107 | D        | Found a broken altar of Ashenzari.
   114 | D        | Became a worshipper of Makhleb the Destroyer
   114 | D        | Reached * piety under Makhleb
   114 | D        | Reached ** piety under Makhleb
   163 | D        | Noticed a floating eye
   166 | D        | Killed a floating eye
   167 | D        | Reached XP level 2. HP: 34/34 MP: 1/1
   167 | D        | Reached XP level 3. HP: 39/39 MP: 2/2
   167 | D        | Reached XP level 4. HP: 47/47 MP: 3/3
   168 | D        | Reached *** piety under Makhleb
   184 | D        | Reached **** piety under Makhleb
   191 | D        | Reached XP level 5. HP: 51/53 MP: 4/4
   195 | D        | Reached ***** piety under Makhleb
   262 | D        | Noticed an orc warrior
   262 | D        | Noticed an ice beast
   263 | D        | Noticed a black bear
   270 | D        | Slain by an ice beast

Illustrated notes

Levels and vault maps discovered:
D:        pitsprint [storerooms_1, entrance_room_1, metal_vault_4, armoury_1,
          mini_pit_1, grid_room_1, main_hall_1, silver_pit, the_coven_3,
          the_vestibule_1, steel_vault_1, golden_pit, hallway_of_sentries,
          crystal_vault_3, iron_vault_3, final_vault]

Skill      XL: |  1  2  3  4  5 |
---------------+----------------+-----
Fighting       | 7 8 |  8.3
Axes           | 7 8 |  8.9
Dodging        | 6 7 |  7.9

Action                     |  1- 3 |  4- 6 || total
---------------------------+-------+-------++-------
  Melee: Hand axe          |     6 |    27 ||    33
         Headbutt          |     1 |     1 ||     2
 Armour: Robe              |       |     1 ||     1
  Dodge: Dodged            |     1 |    15 ||    16

Table legend: (Time is in decaauts)
 A = Elapsed time spent in this place.
 B = Non-inter-level travel time spent in this place.
 C = Inter-level travel time spent in this place.
 D = Time resting spent in this place.
 E = Time spent auto-exploring this place.
 F = Levels seen in this place.
 G = Mean time per level.
                   A        B        C        D        E       F      G
               +--------+--------+--------+--------+--------+-----+--------+
         Total |    266 |    266 |      0 |     63 |      0 |   1 |  266.0 |
       Dungeon |    266 |    266 |      0 |     63 |      0 |   1 |  266.0 |
               +--------+--------+--------+--------+--------+-----+--------+

Top non-repeatable levels by time:
       D: 266 daAuts
